 Dungeon Crawl Stone Soup version 0.28-a0-1555-g9ae15a6949 (webtiles) character file.

Game seed: 1832128745631011932

2943 esteth the Fighter (level 9, 0/74 HPs)
             Began as a Gnoll Wanderer on Jan 18, 2022.
             Was an Elder of Wu Jian.
             Slain by a killer bee (2 damage)
             ... on level 8 of the Dungeon.
             The game lasted 00:17:56 (9477 turns).

esteth the Fighter (Gnoll Wanderer)                 Turns: 9477, Time: 00:17:56

Health: 0/74       AC:  4    Str:  9    XL:     9   Next: 80%
Magic:  7/19       EV: 13    Int: 17    God:    Wu Jian [****..]
Gold:   421        SH:  0    Dex: 13    Spells: 14/21 levels left

rFire   . . .      SeeInvis .   t - +2 spear (vorpal)
rCold   . . .      Faith    .   (no shield)
rNeg    . . .      Spirit   .   b - +0 robe
rPois   .          Reflect  .   r - +1 helmet
rElec   .          Harm     .   (no cloak)
rCorr   .          Rampage  .   (no gloves)
Will    .....                   (no boots)
Stlth   +++.......              x - amulet of regeneration
HPRegen 1.02/turn               (no ring)
MPRegen 0.16/turn               (no ring)

@: lethally poisoned (0 -> -2)
A: fangs 1, strong nose, distributed training
a: Renounce Religion, Wall Jump, Serpent's Lash


You were on level 8 of the Dungeon.
You worshipped Wu Jian.
Wu Jian was greatly pleased with you.
You visited 1 branch of the dungeon, and saw 8 of its levels.

You collected 421 gold pieces.

Inventory:

Hand Weapons
 e - a +1 mace of protection
 t - a +2 vorpal spear (weapon)
Missiles
 f - 4 curare-tipped darts
Armour
 b - a +0 robe (worn)
 r - a +1 helmet (worn)
Jewellery
 k - a ring of see invisible
 u - an amulet of faith
 v - a ring of ice
 x - an amulet of regeneration (around neck)
Wands
 n - a wand of mindburst (5)
Scrolls
 a - 4 scrolls of identify {unknown}
 c - 5 scrolls of teleportation
 d - a scroll of noise {unknown}
 g - a scroll of amnesia
 i - a scroll of holy word {unknown}
 j - a scroll of torment
 m - 2 scrolls of fog {unknown}
 o - 2 scrolls of fear {unknown}
 s - a scroll of blinking {unknown}
 w - a scroll of enchant armour {unknown}
 y - a scroll of magic mapping
Potions
 h - 2 potions of heal wounds {unknown}
 l - a potion of cancellation
 q - a potion of brilliance
 z - a potion of might


   Skills:
 + Level 8.1 Fighting
 + Level 4.6 Short Blades
 + Level 4.6 Long Blades
 + Level 4.6 Axes
 + Level 6.5 Maces & Flails
 + Level 4.6 Polearms
 + Level 4.6 Staves
 + Level 4.6 Slings
 + Level 4.6 Bows
 + Level 4.6 Crossbows
 + Level 4.6 Throwing
 + Level 4.6 Armour
 + Level 4.6 Dodging
 + Level 4.6 Stealth
 + Level 4.6 Shields
 + Level 4.6 Unarmed Combat
 + Level 6.9 Spellcasting
 + Level 3.8 Conjurations
 + Level 3.8 Hexes
 + Level 3.8 Summonings
 + Level 3.8 Necromancy
 + Level 3.8 Translocations
 + Level 3.8 Transmutations
 + Level 3.8 Fire Magic
 + Level 3.8 Ice Magic
 + Level 3.8 Air Magic
 + Level 3.8 Earth Magic
 + Level 6.7 Poison Magic
 + Level 5.0 Invocations
 + Level 4.6 Evocations


You had 14 spell levels left.
You knew the following spells:

 Your Spells              Type           Power      Damage    Failure   Level
a - Sting                 Tmut/Pois      92%        1d7       1%          1
b - Ignite Poison         Fire/Tmut/Pois 22%        N/A       4%          3
c - Mephitic Cloud        Conj/Pois/Air  22%        N/A       4%          3

Your spell library contained the following spells:

 Spells                   Type           Power      Damage    Failure   Level
 Shock                    Conj/Air       72%        1d7       2%          1
 Swiftness                Air            18%        N/A       8%          3
 Airstrike                Air            9%         N/A       24%         4
 Cause Fear               Hex            9%         N/A       24%         4
 Dragon Form              Tmut           9%         N/A       100%        7
 Dragon's Call            Summ           9%         N/A       100%        9


Dungeon Overview and Level Annotations

Branches:
Dungeon (8/15)             Temple (0/1) D:5
   Lair: D:8-11

Altars:
Ashenzari
Cheibriados
Dithmenos
Elyvilon
Fedhas
Hepliaklqana
Okawaru
Qazlal
Trog
Wu Jian
Zin
The Shining One

Shops:
D:7 [

Annotations:
D:4 3 runed translucent doors, gilleain's ghost, amateur HuCj
D:5 3 runed translucent doors, Yorgos's ghost, novice DsBe


Innate Abilities, Weirdness & Mutations

You have very sharp teeth.
Your uncanny sense of smell can sniff out nearby items.
Your experience applies equally to all skills.


Message History

The killer bee is moderately wounded.
You feel very sick. The killer bee barely misses you.
The killer bee stings you.
* * * LOW HITPOINT WARNING * * *
You are lethally poisoned!
The killer bee poisons you! The killer bee closely misses you.
You feel better. The killer bee closely misses you. The killer bee stings you.
* * * LOW HITPOINT WARNING * * *
You are poisoned.
The killer bee poisons you! The killer bee stings you.
* * * LOW HITPOINT WARNING * * *
You feel sick. The killer bee stings you.
* * * LOW HITPOINT WARNING * * *
You are more poisoned.
The killer bee poisons you!
Okay, then.
Okay, then.
It was a potion of cancellation.
You feel magically purged.
* * * LOW HITPOINT WARNING * * *
You feel very sick.
You kill the killer bee!
The Council accepts your kill. The killer bee barely misses you.
The killer bee misses you.
As you read the scroll labelled WOYSHOYSEN, it crumbles to dust.
It is a scroll of amnesia.
Really abort (and waste the scroll)? [Y]es or [N]o only, please.
Really abort (and waste the scroll)?
Really abort (and waste the scroll)?
Okay, then.
* * * LOW HITPOINT WARNING * * *
You feel very sick. The killer bee misses you.
The killer bee completely misses you.
As you read the scroll labelled BUTOR UCLUJOWOU, it crumbles to dust.
Your body is wracked with pain!
* * * LOW HITPOINT WARNING * * *
The killer bee convulses!
It was a scroll of torment.
* * * LOW HITPOINT WARNING * * *
You feel sick. The killer bee stings you.
You die...

#.........# #.##...
#....#....## #.##...
#.####.....## #......
#...##...#..#######..
######....###...........
..........##
#########... ..........#
#... ..........# #...
........@.# ∆ #...
.......†y†# #...
..........'†..... #..#
#########.'...... #..#
..#...... #... .##......
#..# .# ...... #..# #


PP... #... ##### ##.## You could see a killer bee.

Vanquished Creatures
  A wyvern (D:8)
  2 water moccasins
  An ice beast (D:7)
  An orc warrior (D:4)
  A black bear (D:5)
  A necrophage (D:5)
  An ogre (D:5)
  2 centaurs
  2 kobold brigands
  2 gnoll sergeants
  4 scorpions
  A water moccasin skeleton (D:5)
  7 killer bees (D:8)
  3 howler monkeys
  5 hounds
  2 centaur zombies
  4 orc priests
  A gnoll shaman (D:6)
  7 iguanas
  2 orc wizards
  A killer bee zombie (D:8)
  A mummy (D:7)
  10 gnolls
  11 adders
  A howler monkey skeleton (D:5)
  2 shadow imps
  2 white imps
  2 ufetubi
  4 worms
  3 dart slugs
  10 orcs
  6 endoplasms
  3 giant cockroaches
  7 hobgoblins
  2 jackals (D:2)
  5 quokkas
  3 ball pythons (D:1)
  4 bats
  3 frilled lizards
  10 goblins
  17 kobolds
  3 kobold zombies (D:7)
  An orc zombie (D:7)
  5 rats
166 creatures vanquished.

Vanquished Creatures (others)
  A killer bee (D:8)
  An orc wizard (D:7)
  25 plants (D:8)
27 creatures vanquished.

Grand Total: 193 creatures vanquished

Notes
Turn   | Place    | Note
-------+----------+-------------------------------------------
     0 | D:1      | esteth the Gnoll Wanderer began the quest for the Orb.
     0 | D:1      | esteth set off with the following items: a +1 mace, a +0
                  | robe; and the following spell memorised: Sting; and the
                  | following spells available to memorise: Ignite Poison,
                  | Mephitic Cloud
     0 | D:1      | Reached XP level 1. HP: 23/23 MP: 6/6
   303 | D:1      | Reached XP level 2. HP: 29/29 MP: 7/7
   785 | D:1      | Reached XP level 3. HP: 30/35 MP: 6/9
   869 | D:1      | Reached skill level 5 in Spellcasting
  1372 | D:2      | Reached skill level 1 in Invocations
  1485 | D:2      | Found a bloodstained altar of Trog.
  1585 | D:2      | Found a faded altar of an unknown god.
  1634 | D:2      | Prayed at the altar of an unknown god.
  1634 | D:2      | Became a worshipper of the Wu Jian Council
  1634 | D:2      | Reached * piety under Wu Jian
  2045 | D:2      | Reached skill level 1 in Short Blades
  2045 | D:2      | Reached skill level 1 in Long Blades
  2045 | D:2      | Reached skill level 1 in Axes
  2045 | D:2      | Reached skill level 1 in Polearms
  2045 | D:2      | Reached skill level 1 in Staves
  2045 | D:2      | Reached skill level 1 in Slings
  2045 | D:2      | Reached skill level 1 in Bows
  2045 | D:2      | Reached skill level 1 in Crossbows
  2045 | D:2      | Reached skill level 1 in Throwing
  2045 | D:2      | Reached skill level 1 in Armour
  2045 | D:2      | Reached skill level 1 in Dodging
  2045 | D:2      | Reached skill level 1 in Stealth
  2045 | D:2      | Reached skill level 1 in Shields
  2045 | D:2      | Reached skill level 1 in Unarmed Combat
  2045 | D:2      | Reached skill level 1 in Evocations
  2047 | D:2      | Reached XP level 4. HP: 38/41 MP: 11/11
  2160 | D:3      | Found a snail-covered altar of Cheibriados.
  2189 | D:3      | Reached skill level 1 in Conjurations
  2189 | D:3      | Reached skill level 1 in Hexes
  2189 | D:3      | Reached skill level 1 in Summonings
  2189 | D:3      | Reached skill level 1 in Necromancy
  2189 | D:3      | Reached skill level 1 in Translocations
  2189 | D:3      | Reached skill level 1 in Transmutations
  2189 | D:3      | Reached skill level 1 in Fire Magic
  2189 | D:3      | Reached skill level 1 in Ice Magic
  2189 | D:3      | Reached skill level 1 in Air Magic
  2189 | D:3      | Reached skill level 1 in Earth Magic
  2762 | D:3      | Found a glowing silver altar of Zin.
  2771 | D:3      | Reached XP level 5. HP: 47/47 MP: 12/12
  2909 | D:3      | Found a faded altar of an unknown god.
  2909 | D:3      | Found a stormy altar of Qazlal.
  2917 | D:3      | Found an iron altar of Okawaru.
  2919 | D:3      | Found a faded altar of an unknown god.
  2921 | D:3      | Found a white marble altar of Elyvilon.
  3352 | D:4      | Found a shadowy altar of Dithmenos.
  3354 | D:4      | Found a hazy altar of Hepliaklqana.
  3357 | D:4      | Found a broken altar of Ashenzari.
  3462 | D:4      | Reached ** piety under Wu Jian
  3481 | D:4      | Reached XP level 6. HP: 37/53 MP: 13/13
  3979 | D:4      | Noticed an orc warrior
  4000 | D:4      | Killed an orc warrior
  4001 | D:4      | Reached skill level 5 in Maces & Flails
  4448 | D:4      | Found a runed translucent gate.
  4448 | D:4      | Found a runed translucent gate.
  4448 | D:4      | You fall into a shaft and drop 2 floors!
  4448 | D:6      | Found a blossoming altar of Fedhas.
  4466 | D:6      | Reached XP level 7. HP: 51/59 MP: 15/15
  4470 | D:5      | Entered Level 5 of the Dungeon
  4604 | D:4      | Found a runed translucent gate.
  4608 | D:4      | Reached skill level 7 in Fighting
  4962 | D:4      | Learned a level 3 spell: Ignite Poison
  5028 | D:4      | Noticed gilleain's ghost (amateur HuCj)
  5073 | D:5      | Found a staircase to the Ecumenical Temple.
  5580 | D:5      | Reached XP level 8. HP: 59/67 MP: 13/16
  5857 | D:5      | Found a runed translucent gate.
  5857 | D:5      | Found a runed translucent gate.
  5857 | D:5      | Found a runed translucent gate.
  6029 | D:5      | Noticed Yorgos's ghost (novice DsBe)
  6247 | D:6      | Found a glowing golden altar of the Shining One.
  6383 | D:6      | Learned a level 3 spell: Mephitic Cloud
  6599 | D:6      | Reached *** piety under Wu Jian
  7521 | D:7      | Found Novonuts's Antique Armour Shoppe.
  7585 | D:7      | Reached XP level 9. HP: 53/72 MP: 9/18
  9245 | D:8      | Reached skill level 8 in Fighting
  9463 | D:8      | Reached **** piety under Wu Jian
  9464 | D:8      | Reached skill level 5 in Invocations
  9477 | D:8      | HP: 3/74 [/a scroll of torment (1)]
  9477 | D:8      | Slain by a killer bee

Illustrated notes

Levels and vault maps discovered:
D:1:      nicolae_arrival_memento_mori, layout_loops_cross
D:2:      layout_basic, basic_altar, hellmonk_ecumenical_altar_dog_temple,
          minmay_cut_off
D:3:      layout_loops_ring, old_standard_altar, cheibrodos_worm_habitat,
          chequers_temple_overflow_minitemple, grunt_ministairs_14
D:4:      cheibrodos_barr_body, layout_loops_cross, minitemple,
          gammafunk_ghost_necromancy
D:5:      layout_rooms, minmay_temple_entry_gardened_gates,
          gammafunk_ghost_nasty_kobolds
D:6:      layout_basic, mainiacjoe_overflow_brackets, lemuel_crystal_altar
D:7:      layout_loops_ring, serial_shops, nicolae_shop_crystal, chequers_jeans,
          minmay_mini_ossuary
D:8:      layout_rooms, roderic_lattice_a, nicolae_looking_at_the_future

Skill      XL: |  1  2  3  4  5  6  7  8  9 |
---------------+----------------------------+-----
Spellcasting   | 5 6 |  6.9
Invocations    | 1 2 3 4 5 |  5.0
Short Blades   | 1 2 3 4 |  4.6
Long Blades    | 1 2 3 4 |  4.6
Axes           | 1 2 3 4 |  4.6
Polearms       | 1 2 3 4 |  4.6
Staves         | 1 2 3 4 |  4.6
Slings         | 1 2 3 4 |  4.6
Bows           | 1 2 3 4 |  4.6
Crossbows      | 1 2 3 4 |  4.6
Throwing       | 1 2 3 4 |  4.6
Armour         | 1 2 3 4 |  4.6
Dodging        | 1 2 3 4 |  4.6
Stealth        | 1 2 3 4 |  4.6
Shields        | 1 2 3 4 |  4.6
Unarmed Combat | 1 2 3 4 |  4.6
Evocations     | 1 2 3 4 |  4.6
Conjurations   | 1 2 3 |  3.8
Hexes          | 1 2 3 |  3.8
Summonings     | 1 2 3 |  3.8
Necromancy     | 1 2 3 |  3.8
Translocations | 1 2 3 |  3.8
Transmutations | 1 2 3 |  3.8
Fire Magic     | 1 2 3 |  3.8
Ice Magic      | 1 2 3 |  3.8
Air Magic      | 1 2 3 |  3.8
Earth Magic    | 1 2 3 |  3.8
Maces & Flails | 5 6 |  6.5
Fighting       | 7 8 |  8.1
Poison Magic   | 6 |  6.7

Action                   |  1- 3 |  4- 6 |  7- 9 || total
-------------------------+-------+-------+-------++-------
Melee: Mace              |    74 |   183 |    81 ||   338
       Bite              |     7 |    19 |    20 ||    46
       Punch             |     2 |     4 |     6 ||    12
       Spear             |       |       |    99 ||    99
 Cast: Sting             |    15 |    11 |   173 ||   199
       Ignite Poison     |       |       |    23 ||    23
       Mephitic Cloud    |       |       |    12 ||    12
Invok: Whirlwind         |     6 |    19 |    10 ||    35
       Lunge             |     1 |     8 |     6 ||    15
 Abil: Wall Jump         |       |       |     1 ||     1
Evoke: Wand              |       |     5 |       ||     5
  Use: Potion            |       |     3 |     3 ||     6
       Scroll            |       |       |     4 ||     4
 Stab: Sleeping          |       |     3 |     5 ||     8
       Confused          |       |       |     2 ||     2
Armor: Robe              |    21 |    70 |    64 ||   155
Dodge: Dodged            |    43 |   122 |   210 ||   375

Table legend: (Time is in decaauts)
 A = Elapsed time spent in this place.
 B = Non-inter-level travel time spent in this place.
 C = Inter-level travel time spent in this place.
 D = Time resting spent in this place.
 E = Time spent auto-exploring this place.
 F = Levels seen in this place.
 G = Mean time per level.
                   A        B        C        D        E       F      G
               +--------+--------+--------+--------+--------+-----+--------+
         Total |   9544 |   9348 |    196 |   2034 |   5910 |   8 | 1193.0 |
       Dungeon |   9544 |   9348 |    196 |   2034 |   5910 |   8 | 1193.0 |
               +--------+--------+--------+--------+--------+-----+--------+

Top non-repeatable levels by time:
     D:4: 1711 daAuts
     D:6: 1317 daAuts
     D:7: 1246 daAuts
     D:5: 1190 daAuts
     D:3: 1122 daAuts
     D:1: 1067 daAuts
     D:2: 1043 daAuts
     D:8: 845 daAuts
